Cogmind - Beta 9.3 @@@ ROGUE MODE // 2020.01.04 @ 13:25:08 Player: Zan Result: Destroyed by D-53 Grenadier with Mini Grenade Launcher Performance ------------- Evolutions (1) 500 Regions Visited (3) 600 Robots Destroyed (11) 55 Value Destroyed (391) 391 Prototype IDs (3) 60 Alien Tech Used (0) 0 Bonus (0) 0 TOTAL SCORE: 1606 Bonus ------- None Cogmind --------- Core Integrity 0/400 Matter 290/300 Energy 53/100 System Corruption 0% Temperature Cool (0) Movement Rolling (100) Ox1 Location -9/Mines Parts ------- > --- POWER (1) -------- (None) > --- PROPULSION (2) --- Armored Wheel > --- UTILITY (4) ------ Large Storage Unit Terrain Scan Processor ECM Suite > --- WEAPON (2) ------- (None) > --- INVENTORY (10) --- Improved Sensor Array Improved Signal Interpreter Terrain Scanner EM Pulse Gun Shotgun Datajack Peak State ------------ > --- POWER ------------ Improved Ion Engine > --- PROPULSION ------- Armored Wheel Armored Wheel > --- UTILITY ---------- Large Storage Unit Improved Sensor Array Terrain Scanner Terrain Scan Processor > --- WEAPON ----------- Shotgun Shotgun > --- INVENTORY -------- Ion Engine Light Treads Armored Wheel Improved Sensor Array Improved Signal Interpreter ECM Suite EM Pulse Gun Shotgun Datajack [Rating: 17] Favorites ----------- Power Ion Engine Engine Ion Engine Propulsion Light Treads Treads Light Treads Wheel Armored Wheel Utility Sensor Array Device Sensor Array Storage Large Storage Unit Processor Terrain Scan Processor Weapon Medium Laser Energy Gun Medium Laser Ballistic Gun Shotgun Build | -11 -10 -9 -9 ------- Run | Scr Mat Mat Min Slots Evolved 2 | . . 2 . Power . | . . . . Propulsion . | . . . . Utility 2 | . . 2 . Weapon . | . . . . Parts Attached 22 | 7 6 7 2 Power 3 | 2 . 1 . Engine 3 | 2 . 1 . Core . | . . . . Reactor . | . . . . Propulsion 5 | 2 . 2 1 Treads 2 | 2 . . . Leg . | . . . . Wheel 3 | . . 2 1 Hover . | . . . . Flight . | . . . . Utility 8 | 1 3 3 1 Device 4 | . 1 2 1 Storage 3 | 1 2 . . Processor 1 | . . 1 . Hackware . | . . . . Protection . | . . . . Artifact . | . . . . Weapon 6 | 2 3 1 . Energy Gun 3 | 2 1 . . Energy Cannon . | . . . . Ballistic Gun 3 | . 2 1 . Ballistic Cannon . | . . . . Launcher . | . . . . Special Weapon . | . . . . Impact Weapon . | . . . . Slashing Weapon . | . . . . Piercing Weapon . | . . . . Special Melee Weapon . | . . . . Unidentified Prototypes . | . . . . Parts Lost 9 | . 1 2 6 Power 1 | . . . 1 Propulsion 3 | . . 1 2 Utility 1 | . . . 1 Weapon 4 | . 1 1 2 Highest Loss Streak 6 | . 1 2 6 Average Slot Usage (%) 97 | . 99 96 89 Engine 12 | . 14 11 9 Treads 23 | . 28 18 . Wheel 1 | . . 1 20 Device 16 | . 13 21 20 Storage 12 | . 14 11 11 Processor 3 | . . 10 11 Energy Gun 15 | . 24 . . Ballistic Gun 10 | . 3 22 18 Naked Turns . | . . . . Heaviest Build 31 | 13 28 31 31 Greatest Support 40 | 40 40 40 24 Greatest Overweight (x) 2 | . . 2 1 Average Overweight (x) . | . . . . Largest Inventory Capacity 10 | 6 10 10 10 Average Capacity 8 | 5 8 10 10 Most Carried 9 | 4 9 9 8 Average Carried 6 | 2 5 7 6 Final Capacity 10 | 6 10 10 10 Final Carried 9 | 1 9 9 6 Class Distribution -------------------- 67% | Mutant 32% | Skirmisher Dominant Class ---------------- Mutant | -10/Materials Skirmisher | -9/Materials Mutant | -9/Mines Resources | -11 -10 -9 -9 ----------- Run | Scr Mat Mat Min Matter Collected 526 | 128 197 174 27 Remotely . | . . . . Salvage Created 425 | . 135 290 . Parts 14 | . 5 9 . Haulers Intercepted . | . . . . Recyclers Shooed . | . . . . Parts Field Recycled . | . . . . Retrieved Matter . | . . . . Parts Self-Destructed . | . . . . Prevented . | . . . . Kills | -11 -10 -9 -9 ------- Run | Scr Mat Mat Min Combat Hostiles Destroyed 10 | . 3 7 . Guns 10 | . 3 7 . Classes Destroyed 4 | . 2 2 . Worker 1 | . 1 . . Grunt 7 | . 3 4 . Duelist 2 | . . 2 . Sentry 1 | . . 1 . Best Kill Streak 4 | . 2 4 . Combat Bots Only 4 | . 2 4 . Max Kills in Single Turn 1 | . 1 1 . Gunslinging . | . . . . Exploded . | . . . . Melee . | . . . . Uniques/NPCs Destroyed . | . . . . Combat | -11 -10 -9 -9 -------- Run | Scr Mat Mat Min Damage Taken 1604 | . 148 576 880 Core 418 | . 13 155 250 Absorbed by Shields . | . . . . Core Remaining (%) 97 | 100 94 . . Volleys Fired 36 | . 17 19 . Largest 2 | . 2 2 . Hottest 100 | . 100 46 . Shots Fired 72 | . 34 38 . Gun 72 | . 34 38 . Cannon . | . . . . Launcher . | . . . . Special . | . . . . Kinetic 38 | . . 38 . Thermal 29 | . 29 . . Explosive . | . . . . Electromagnetic 5 | . 5 . . Robot Hit Streak 11 | . 10 11 . Robot Miss Streak 5 | . 5 3 . Penetration Max . | . . . . Secondary Targets 3 | . . 3 . Max Gunslinging Chain 1 | . . 1 . Shots Hit Robots 52 | . 20 32 . Core Hits 24 | . 8 16 . Critical Hits . | . . . . Critical Kills . | . . . . Critical Parts Destroyed . | . . . . Melee Attacks . | . . . . Impact . | . . . . Slashing . | . . . . Piercing . | . . . . Sneak Attacks . | . . . . Combat Hostiles . | . . . . Follow-up Attacks . | . . . . Damage Inflicted 655 | . 224 431 . Guns 655 | . 224 431 . Cannons . | . . . . Explosions . | . . . . Melee . | . . . . Ramming . | . . . . Kinetic 431 | . . 431 . Thermal 198 | . 198 . . Explosive . | . . . . Electromagnetic 26 | . 26 . . Impact . | . . . . Slashing . | . . . . Piercing . | . . . . Highest Corruption . | . . . . Average Corruption . | . . . . Corruption Purged . | . . . . Overload Shots . | . . . . Overflow Damage . | . . . . Projectiles . | . . . . Explosions . | . . . . Melee . | . . . . Knockbacks . | . . . . Impact . | . . . . Kinetic . | . . . . Secondary . | . . . . Self-Inflicted Damage . | . . . . Shots . | . . . . Rammed . | . . . . Targets Rammed . | . . . . Kicked . | . . . . Crushed . | . . . . Highest Temperature 298 | . 298 7 . Average Temperature 93 | . 99 4 . Received Heat Transfer 288 | . 84 192 12 Siege Activations . | . . . . Robots Corrupted . | . . . . Combat Hostiles . | . . . . Parts Fried . | . . . . Impact Corruptions . | . . . . Robots Melted . | . . . . Combat Hostiles . | . . . . Parts Melted 1 | . 1 . . Heat Transferred 592 | . 592 . . Parts Sabotaged . | . . . . Parts Stolen . | . . . . Parts Stripped . | . . . . Power Chain Reactions . | . . . . Missiles Intercepted . | . . . . Alert | -11 -10 -9 -9 ------- Run | Scr Mat Mat Min Peak Influence 219 | . 75 219 26 Average Influence 40 | . 32 65 20 Maximum Alert Level 1 | . . 1 . Low Security (%) 99 | 100 100 98 100 Level 1 . | . . 1 . Level 2 . | . . . . Level 3 . | . . . . Level 4 . | . . . . Level 5 . | . . . . High Security . | . . . . Max Security . | . . . . Squads Dispatched 3 | . 1 2 . Investigation 2 | . 1 1 . Extermination . | . . . . Reinforcement 1 | . . 1 . Assault . | . . . . Garrison . | . . . . Intercept . | . . . . Construction Impeded . | . . . . Haulers Reinforced . | . . . . Stealth | -11 -10 -9 -9 --------- Run | Scr Mat Mat Min Distress Signals 4 | . 2 2 . Communications Jammed . | . . . . Distress Signals . | . . . . Times Spotted 28 | . 9 14 5 Peak Tracking Total 5 | . 3 5 4 Tactical Retreats 1 | . . 1 . Traps | -11 -10 -9 -9 ------- Run | Scr Mat Mat Min Traps Triggered 1 | . 1 . . Indirectly . | . . . . Trap Hack Attempts . | . . . . Triggered . | . . . . Disarmed . | . . . . Reprogrammed . | . . . . Reused . | . . . . Traps Extracted . | . . . . Installed . | . . . . Triggered . | . . . . Machines | -11 -10 -9 -9 ---------- Run | Scr Mat Mat Min Machines Disabled . | . . . . Max in Single Turn . | . . . . Machines Sabotaged . | . . . . Garrisons Compromised . | . . . . Overloaded Fab Kills . | . . . . Fab Network Shutdowns . | . . . . Hacking | -11 -10 -9 -9 --------- Run | Scr Mat Mat Min Machines Accessed 6 | . 4 2 . Terminals 4 | . 2 2 . Fabricators . | . . . . Repair Stations . | . . . . Recycling Units 2 | . 2 . . Scanalyzers . | . . . . Garrison Access . | . . . . Total Hacks 13 | . 9 4 . Successful 5 | . 3 2 . Failed 8 | . 6 2 . Catastrophic . | . . . . Database Lockouts . | . . . . Manual 1 | . . 1 . Terminals 9 | . 5 4 . Fabricators . | . . . . Repair Stations . | . . . . Recycling Units 4 | . 4 . . Scanalyzers . | . . . . Garrison Access . | . . . . Terminal Hacks 4 | . 2 2 . Prototype ID Bank 2 | . 1 1 . Branch Access Points 1 | . . 1 . Registered Prototypes 1 | . 1 . . Fabricator Hacks . | . . . . Repair Station Hacks . | . . . . Recycling Unit Hacks 1 | . 1 . . Report Inventory 1 | . 1 . . Scanalyzer . | . . . . Garrison Access Hacks . | . . . . Unauthorized Hacks . | . . . . Terminals . | . . . . Fabricators . | . . . . Repair Stations . | . . . . Recycling Units . | . . . . Scanalyzers . | . . . . Garrison Access . | . . . . Data Cores Recovered . | . . . . Used . | . . . . Hacking Detections 6 | . 4 2 . Full Trace Events 1 | . . 1 . Feedback Events . | . . . . Feedback Blocked . | . . . . Robot Schematics Acquired . | . . . . Robots Built . | . . . . Matter . | . . . . Time . | . . . . Total Robot Build Rating . | . . . . Part Schematics Acquired . | . . . . Parts Built . | . . . . Matter . | . . . . Time . | . . . . Total Part Build Rating . | . . . . Parts Repaired . | . . . . Time . | . . . . Parts Recycled . | . . . . Recycled Matter . | . . . . Retrieved Matter . | . . . . Retrieved Components . | . . . . Parts Scanalyzed . | . . . . Part Schematics Acquired . | . . . . Parts Damaged . | . . . . Bothacking | -11 -10 -9 -9 ------------ Run | Scr Mat Mat Min Used RIF Installer . | . . . . Robots Hacked . | . . . . Non-combat . | . . . . Combat . | . . . . Robot Hacks Applied . | . . . . Relay Couplers Released . | . . . . Robots Rewired . | . . . . Allies Hacked . | . . . . Hacks Repelled . | . . . . Allies | -11 -10 -9 -9 -------- Run | Scr Mat Mat Min Total Allies . | . . . . Largest Group . | . . . . Highest-Rated Group . | . . . . Highest-Rated Ally . | . . . . Total Orders . | . . . . Ally Attacks . | . . . . Total Damage . | . . . . Kills . | . . . . Allies Corrupted . | . . . . Allies Melted . | . . . . Intel | -11 -10 -9 -9 ------- Run | Scr Mat Mat Min Robot Analysis Total . | . . . . Derelict Logs Recovered . | . . . . Drone Launches . | . . . . Drone Recoveries . | . . . . Exploration | -11 -10 -9 -9 ------------- Run | Scr Mat Mat Min Turns Passed 1857 | 64 1134 544 115 Spaces Moved 1077 | 42 640 283 112 Core 14 | 14 . . . Treads 926 | 28 640 258 . Legs . | . . . . Wheels 137 | . . 25 112 Hover . | . . . . Flight . | . . . . Fastest Speed 50 | 50 160 100 90 Average Speed 152 | 123 160 159 99 Slowest Speed 180 | 160 160 180 100 Overloaded Moves . | . . . . Propulsion Burnouts . | . . . . Robots Hopped . | . . . . Cave-ins Triggered . | . . . . Exploration Rate (%) 36 | 4 78 25 37 Regions Visited 3 Branch Regions 1 Pre-discovered Areas . | . . . . Known Exits Taken 1 | . . 1 . Unknown Exits Taken 2 | 1 1 . . Scrap Searched 1 | . . . 1 Spaces Dug . | . . . . Terrain Destroyed . | . . . . Melee . | . . . . Projectile . | . . . . AOE . | . . . . Actions | -11 -10 -9 -9 --------- Run | Scr Mat Mat Min Total 1226 | 52 719 339 116 Wait 50 | . 31 19 . Move 1074 | 41 639 282 112 Hop . | . . . . Pick Up 30 | 4 18 8 . Fast Attach 3 | 3 . . . Attach 10 | 3 2 4 1 Detach . | . . . . Swap 9 | 1 4 3 1 Drop 14 | . 8 4 2 Fire 36 | . 17 19 . Melee . | . . . . Ram . | . . . . Kick . | . . . . Crush . | . . . . Escape Stasis . | . . . . Rewire . | . . . . Trap . | . . . . Miscellaneous . | . . . . Route ------- -11/Scrapyard -10/Materials (discovered 3 exits: *Mat x3) -9/Materials -9/Mines History --------- Turn | Location | Event 16 | -11/Scrapyard | Discovered new exit (range 15) 65 | -11/Scrapyard | Entered Materials 306 | -10/Materials | Build established: Mutant 367 | -10/Materials | Discovered new exit (range 8) 703 | -10/Materials | Discovered new exit (range 15) 1069 | -10/Materials | Discovered new exit (range 15) 1199 | -10/Materials | Entered another Materials area 1199 | -9/Materials | Evolved 2 slots: Utility x2 1235 | -9/Materials | Identified exit to Mines 1499 | -9/Materials | Build established: Skirmisher 1743 | -9/Materials | Entered Mines 1744 | -9/Mines | Assembled infested the area 1802 | -9/Mines | Core integrity fell below 50% 1838 | -9/Mines | Core integrity fell below 20% 1858 | -9/Mines | Destroyed by D-53 Grenadier with Mini Grenade Launcher Last Messages --------------- 01747_ Found Lgt. Cannon. 01748_ Acquired 27 matter. 01782_ T-07 Excavator destroyed. 01785_ C-30 ARC bursts open, deploying its payload. 01785_ D-53 Grenadier unfolds itself. 01786_ as-39605 destroyed. 01788_ K-01 Serf collects debris. 01801_ K-01 Serf destroyed. 01805_ The unstable cave ceiling collapses. 01812_ T-07 Excavator destroyed. 01817_ The unstable cave ceiling collapses. 01820_ Laser Drill disabled. 01824_ The unstable cave ceiling collapses. 01832_ Imp. Sensor Array destroyed. 01832_ Shotgun destroyed. 01834_ Imp. Ion Engine destroyed. 01837_ Arm. Wheel destroyed. 01839_ Shotgun destroyed. 01842_ Arm. Wheel destroyed. 01850_ The unstable cave ceiling collapses. Map ----- +----------------------------------------------------+ | | | | | | | | | | | | | | | | | | | | | | | ?????????????????????????????????????????????????? | | ?????????????????????????????????????????????????# | | ????????????????????????????????????????????##### | | ??????????????????????????????????????????### # | | ?????????????????????????????????????????## | | ?????????????????????????????????????????# | | ??????????????????????????????????????????# | | ??????????????????????????????????????????# | | ?????????????????????????????#######??????# | | ???????????????????????????### ###?#### | | ???????????????????????????# ### | | ???????????????????#####???# | | ??????????????????## #?## d g | | ??????????????????# ## l d # | | ??????????????????# @ ## | | ??????????????????# # ### | | ??????????????????## #### | | ???????????????????### ## ####??# | | ?????????????????????## ## ###### ###?????## | | ??????????????????????# #### ##????####????????# | | ??????????????????????# ??#####?????????????????? | | ??????????????????????# ?#?????###???##?????#???? | | ??????????????????????## ????#######????#?##????## | | ???????????????????????# ????? ##???##?????### | | ???????????????????????# ????? #????????#?# | | ????????????????? ????## ????? #????###???## | | ??????????????????????##? ???# #??###?#????# | | ????????????????#????#???#????#! ##???????#???# | | ???????????????????##????????## ]#??#??####???# | | ????????????????????????#???## = ###?### ##?## | | ???????????????????#?#????### * ###### #### | | ?????????????? ?????#??##### = #??# ## | | ????????????? ?????#??????# #??# | | ?????????????? ????????### | | | ???????????????? ? ?? ???# | | ??????????????"???????#??# ## | | ?????????????"???????????# #### %## | | ???????????? ???????????## ##?####### ### #### | | ?????????????????#?# ### ##?#????# #?# #??## | +----------------------------------------------------+ Best States ------------- Heat Dissipation 28 Energy Generation 12 Energy Capacity 265 Matter Stores 300 Matter Capacity 300 Sight Range 16 Robot Scan Range 13 Terrain Scan Range 14 Terrain Scan Density 85 ECM Strength 1 Evasion (%) 50 Recoil Reduction 2 Item Schematics ----------------- None Robot Schematics ------------------ None Fabricated ------------ Nothing Alien Tech Used ----------------- None Achievements -------------- None Challenges ------------ None Game ------ Seed DerelictTargetingAirjet Manual? 0 Play Time 00:23:17 Cumulative 4.8 hours Start 2020.01.04 @ 13:04:08 End 2020.01.04 @ 13:25:08 Sessions 1 Manual Loads 0 Difficulty Rogue Special Mode None Game No. 7 Rogue 7 Adventurer 0 Explorer 0 Win Type - Total 0 Types 0/0/0/0/0/0/0 Lore% 6 Gallery% 12 Achievement% 9 Wizard Run 0 Options --------- ASCII 0 Keyboard 0 Movement Numpad Keybinds 0 Fullscreen 1 Font 18/SmallcapsGlow Map View 76x50 Tactical HUD 1 Map Filters NONE Filters NONE Steam 1 RUN: 25a03b9a-443f-405c-9189-3c7222b21790